 Dungeon Crawl Stone Soup version 0.29-a0-789-g7a8fcbc185 (webtiles) character file.

Game seed: 2232470136812222646

69 HoaS the Shooter (level 4, -1/26 HPs)
             Began as a Gargoyle Hunter on July 2, 2022.
             Slain by an iguana (6 damage)
             ... on level 3 of the Dungeon.
             The game lasted 00:02:24 (2275 turns).

HoaS the Shooter (Gargoyle Hunter)                  Turns: 2275, Time: 00:02:24

Health: -1/26      AC:  8    Str: 14    XL:     4   Next: 20%
Magic:  4/4        EV: 11    Int: 10    God:
Gold:   157        SH:  0    Dex: 15    Spells: 3/3 levels left

rFire   . . .      SeeInvis .   a - +0 shortbow
rCold   + . .      Faith    .   (shield currently unavailable)
rNeg    + . .      Spirit   .   d - +2 leather armour {rC+}
rPois   ∞          Reflect  .   (no helmet)
rElec   +          Harm     .   (no cloak)
rCorr   .          Rampage  .   (no gloves)
Will    .....                   (no boots)
Stlth   ++........              (no amulet)
HPRegen 0.08/turn               (no ring)
MPRegen 0.09/turn               (no ring)

@: no status effects
A: sickness immunity, AC +3, negative energy resistance 1, electricity
resistance, torment resistance 1, petrification resistance
a: no special abilities


You were on level 3 of the Dungeon.
You visited 1 branch of the dungeon, and saw 3 of its levels.

You collected 157 gold pieces.

Inventory:

Hand Weapons
 a - a +0 shortbow (weapon)
Armour
 d - a +2 leather armour of cold resistance (worn)
Wands
 i - a wand of flame (25)
Scrolls
 b - 2 scrolls of immolation
 c - 2 scrolls of fear {unknown}
 e - a scroll of identify
Potions
 g - a potion of heal wounds


   Skills:
 - Level 2.1 Fighting
 + Level 5.6 Ranged Weapons
 - Level 1.5 Dodging
 - Level 1.1 Stealth


You had 3 spell levels left.
You didn't know any spells.
Your spell library contained the following spells:

 Spells                   Type           Power      Damage    Failure   Level
 Conjure Flame            Conj/Fire      0%         6-21      82%         3
 Ignite Poison            Fire/Tmut/Pois 0%         N/A       82%         3
 Sticky Flame             Conj/Fire      0%         2d3       99%         4


Dungeon Overview and Level Annotations

Branches:
Dungeon (3/15)

Altars:
Yredelemnul


Innate Abilities, Weirdness & Mutations

You are immune to sickness and miasma.
Your stone body is resilient. (AC +3)
You are immune to poison.
You resist negative energy. (rN+)
You are resistant to electric shocks. (rElec)
You are resistant to unholy torment.
You are immune to petrification.


Message History

You shoot an arrow. The iguana hisses angrily.
The arrow hits the iguana.
The iguana is moderately wounded.
You shoot an arrow. The arrow completely misses the iguana.
You shoot an arrow. The arrow closely misses the iguana.
You shoot an arrow. The arrow barely misses the iguana.
You shoot an arrow.
The arrow hits the iguana but does no damage.
The iguana is moderately wounded.
You shoot an arrow. The arrow hits the iguana.
The iguana is heavily wounded.
The iguana bites you. The iguana bites you!
You shoot an arrow.
The arrow hits the iguana but does no damage.
The iguana is heavily wounded.
The iguana bites you.
You are too injured to fight recklessly!
You are too injured to fight recklessly!
You are too injured to fight recklessly!
Fire: a) +0 shortbow
Press: ? - help, Q - select action, (/) - cycle Shift-Dir - straight line, f/p - iguana
Aim: an iguana (heavily wounded)
You shoot an arrow. The arrow hits the iguana.
The iguana is severely wounded.
The iguana bites you.
Fire: a) +0 shortbow
Press: ? - help, Q - select action, (/) - cycle Shift-Dir - straight line, f/p - iguana
Aim: an iguana (severely wounded)
You shoot an arrow. The arrow hits the iguana.
The iguana is almost dead.
The iguana bites you.
* * * LOW HITPOINT WARNING * * *
Fire: a) +0 shortbow
Press: ? - help, Q - select action, (/) - cycle Shift-Dir - straight line, f/p - iguana
Aim: an iguana (almost dead)
You shoot an arrow. The arrow hits the iguana.
The iguana is almost dead.
The iguana bites you.
You die...

.... #.........#
#.##.# .g...
#.........#
#.....
......#..###'####
###.####.#
.._..g...# #.#
..........
......#..# #.#
###..###.#
......#..# #.#
###.###.# .....
#..# #)#
......... ##^##
#... #l#
####.##.# ..
...#.#@# #..#.# #
##.#.#.# #.....
.. #.# #..#'# #.#
#..... ... #.....
#.# #..... #.#
###... #.# #...
#.>.


You could see an iguana.

Vanquished Creatures
  3 gnolls (D:3)
  3 orcs (D:3)
  5 ball pythons
  4 bats
  3 endoplasms
  2 giant cockroaches
  2 goblins (D:3)
  4 hobgoblins
  A kobold (D:1)
  3 quokkas
  3 frilled lizards
  A rat (D:2)
34 creatures vanquished.

Notes
Turn   | Place    | Note
-------+----------+-------------------------------------------
     0 | D:1      | HoaS the Gargoyle Hunter began the quest for the Orb.
     0 | D:1      | Reached XP level 1. HP: 12/12 MP: 1/1
   289 | D:1      | Reached XP level 2. HP: 17/17 MP: 2/2
   592 | D:1      | Found a faded altar of an unknown god.
  1310 | D:2      | Reached XP level 3. HP: 21/21 MP: 3/3
  1547 | D:2      | Identified the +1 ring mail of Untruth {rPois rF- rCorr
                  | SInv}
  1624 | D:3      | Reached skill level 5 in Ranged Weapons
  2008 | D:3      | Found a basalt altar of Yredelemnul.
  2033 | D:3      | Reached XP level 4. HP: 8/26 MP: 4/4
  2275 | D:3      | Slain by an iguana

Illustrated notes

Levels and vault maps discovered:
D:1:      dpeg_arrival_rooms_b, layout_basic, basic_ecumenical_altar,
          hangedman_abyss_or_decor_stabs
D:2:      layout_basic
D:3:      layout_basic, lemuel_tele_altar, zin_angel, nzn_wu_jian_contemplation,
          st_stairs_1, nicolae_elevator_lobby_asterisk

Skill      XL: |  1  2  3 |
---------------+----------+-----
Ranged Weapons | 5 |  5.6
Fighting       | |  2.1
Dodging        | |  1.5
Stealth        | |  1.1

Action                   |  1- 3 |  4- 6 || total
-------------------------+-------+-------++-------
 Fire: Shortbow          |    85 |    16 ||   101
  Use: Scroll            |     4 |       ||     4
Armor: Leather armour    |     6 |     1 ||     7
Dodge: Dodged            |    15 |     3 ||    18

Table legend: (Time is in decaauts)
 A = Elapsed time spent in this place.
 B = Non-inter-level travel time spent in this place.
 C = Inter-level travel time spent in this place.
 D = Time resting spent in this place.
 E = Time spent auto-exploring this place.
 F = Levels seen in this place.
 G = Mean time per level.
                   A        B        C        D        E       F      G
               +--------+--------+--------+--------+--------+-----+--------+
         Total |   2303 |   2218 |     85 |    227 |   1741 |   3 |  767.7 |
       Dungeon |   2303 |   2218 |     85 |    227 |   1741 |   3 |  767.7 |
               +--------+--------+--------+--------+--------+-----+--------+

Top non-repeatable levels by time:
     D:1: 892 daAuts
     D:2: 715 daAuts
     D:3: 695 daAuts
